 Dungeon Crawl Stone Soup version 0.32-a0-685-g93135e86f0 (webtiles) character file.

Game seed: 8593910542773762260

522 PriceMaster the Magician (level 7, -1/27 (32) HPs)
             Began as a Spriggan Conjurer on Mar 8, 2024.
             Slain by Edmund
             ... wielding a +1 dire flail of draining
              (5 damage)
             ... on level 4 of the Dungeon on Mar 13, 2024.
             The game lasted 00:05:45 (3849 turns).

PriceMaster the Magician (Spriggan Conjurer)        Turns: 3849, Time: 00:05:46

HP:   -1/27 (32)    AC:  3    Str:  3    XL:     7   Next: 1%
MP:   0/15          EV: 18    Int: 22    God:
Gold: 73            SH:  0    Dex: 13    Spells: 7/16 levels left

rFire   . . .        l - +2 short sword (venom)
rCold   . . .        (no shield)
rNeg    . . .        a - +0 robe
rPois   .            (helmet restricted)
rElec   .            p - +0 cloak
rCorr   .            (gloves unavailable)
SInv    +            (boots unavailable)
Will    +....        (no amulet)
Stlth   ++           (no ring)
HPRegen 0.24/turn    (no ring)
MPRegen 0.14/turn

%: no passive effects
@: heavily drained, very quick
A: very small, no large weapons, unfitting armour, see invisible, speed 3
a: no special abilities


You were on level 4 of the Dungeon.
You visited 1 branch of the dungeon, and saw 4 of its levels.

You collected 73 gold pieces.

Inventory:

Hand Weapons
 f - a +1 vampiric dagger
 i - a +0 whip of draining
 l - a +2 short sword of venom (weapon)
Armour
 a - a +0 robe (worn)
 p - a +0 cloak (worn)
Jewellery
 j - a ring of willpower
 s - a ring of flight
Wands
 o - a wand of flame (20)
Scrolls
 b - a scroll of poison {unknown}
 c - 2 scrolls of blinking {unknown}
 d - 3 scrolls of noise {unknown}
 e - a scroll of immolation {unknown}
 g - 3 scrolls of identify {unknown}
 h - a scroll of fog {unknown}
 k - 2 scrolls of teleportation {unknown}
 m - a scroll of enchant weapon {unknown}
 r - a scroll of brand weapon {unknown}
Potions
 n - a potion of heal wounds {unknown}
 q - a potion of enlightenment {unknown}


   Skills:
 + Level 0.5 Fighting
 * Level 3.1 Short Blades
 + Level 4.3 Dodging
 + Level 3.8 Stealth
 + Level 5.2 Spellcasting
 + Level 4.4 Conjurations
 * Level 0.1 Necromancy


You had 7 spell levels left.
You knew the following spells:

 Your Spells              Type           Power      Damage    Failure   Level
a - Magic Dart            Conj           100%       1d8       1%          1
b - Death Channel         Necr           3%         N/A       100%        6
c - Searing Ray           Conj           50%        2d6       2%          2

Your spell library contained the following spells:

 Spells                   Type           Power      Damage    Failure   Level
 Sigil of Binding         Hex            5%         N/A       30%         3
 Fulminant Prism          Conj/Alch      7%         3d7       36%         4
 Iskenderun's Mystic Bla  Conj/Tloc      15%        2d5       36%         4
 Sculpt Simulacrum        Ice/Alch       2%         N/A       100%        6


Dungeon Overview and Level Annotations

Branches:
Dungeon (4/15)
 Temple: D:4-7

Altars:

Shops:
D:1 (

Annotations:
D:4 Edmund


Innate Abilities, Weirdness & Mutations

You are very small and have problems with some larger weapons.
You are too small for most types of armour.
You have supernaturally acute eyesight. (SInv)
You cover ground extremely quickly. (Speed+++)


Message History

Aim: Edmund, wielding a +1 dire flail of draining and wearing a +0 scale mail (moderately wounded, 82% to hit)
The searing ray hits Edmund!
Edmund is heavily wounded. (Press . to maintain the ray.) Unknown command.
Casting: Searing Ray (safe; 2% risk of failure)
Confirm with . or Enter, or press ? or * to list all spells.
Restarting spell: Searing Ray (safe; 2% risk of failure)
Press: ? - help, Shift-Dir - straight line, f/p - Edmund
Aim: Edmund, wielding a +1 dire flail of draining and wearing a +0 scale mail (heavily wounded, 82% to hit)
The searing ray hits Edmund but does no damage.
Edmund is heavily wounded. (Press . to maintain the ray.)
The searing ray hits Edmund.
Edmund is heavily wounded.
Edmund completely misses you.
The searing ray hits Edmund!
Edmund is severely wounded.
Edmund hits you with a +1 dire flail of draining!
You feel drained.
The searing ray hits Edmund.
Edmund is almost dead.
You finish channelling your searing ray.
Edmund misses you. Edmund closely misses you.
Unknown command.
Edmund closely misses you.
Casting: Searing Ray (safe; 2% risk of failure)
Confirm with . or Enter, or press ? or * to list all spells.
Aiming: Searing Ray (safe; 2% risk of failure)
Press: ? - help, Shift-Dir - straight line, f/p - Edmund
Aim: Edmund, wielding a +1 dire flail of draining and wearing a +0 scale mail (almost dead, 82% to hit)
The searing ray hits Edmund.
Edmund is almost dead. (Press . to maintain the ray.) Edmund hits you with a +1 dire flail of draining!
* * * LOW HITPOINT WARNING * * *
You feel drained.
You die...
Edmund says, "I'd like to see a scythe do that!"

#.............'................#
#.............############'###.#
################.............#.#
#.............#.#
#.........÷.÷.#.#
#.............#.#
#################.###.#
#.............# #.# #.##
#......@@.....# #.# #...
#.............# #.######
#.............# #.......
#..=..........# #..#####
#.............# #..# #.
#.............###..####.
#..................#<...
.......#####'####.#####. ....
#.# ..# #.


You could see Edmund.

Vanquished Creatures
  Sigmund (D:2)
  A phantom (D:4)
  An orc priest (D:4)
  Crazy Yiuf (D:2)
  Jessica (D:3)
  2 orc wizards (D:3)
  4 gnolls (D:2)
  5 adders
  3 ribbon worms
  7 orcs
  4 bats
  4 endoplasms
  6 goblins
  7 hobgoblins
  4 jackals (D:3)
  3 quokkas
  3 ball pythons
  A frilled lizard (D:1)
  6 kobolds
  5 rats
69 creatures vanquished.

Notes
Turn   | Place    | Note
-------+----------+-------------------------------------------
     0 | D:1      | PriceMaster the Spriggan Conjurer began the quest for the
                  | Orb.
     0 | D:1      | Reached XP level 1. HP: 9/9 MP: 5/5
   171 | D:1      | Found Openluid's Antique Weapon Shoppe.
   306 | D:1      | Reached XP level 2. HP: 13/13 MP: 3/6
   306 | D:1      | Upgraded the game from 0.32-a0-643-ga006e7742e to
                  | 0.32-a0-685-g93135e86f0
   594 | D:1      | Reached skill level 3 in Spellcasting
  1045 | D:2      | Noticed Sigmund
  1085 | D:2      | Killed Sigmund
  1086 | D:2      | Reached skill level 1 in Short Blades
  1086 | D:2      | Reached XP level 3. HP: 16/16 MP: 3/9
  1086 | D:2      | Reached XP level 4. HP: 21/21 MP: 3/10
  1086 | D:2      | Reached XP level 5. HP: 24/24 MP: 3/11
  1231 | D:2      | Reached skill level 4 in Spellcasting
  1697 | D:2      | Found a runed translucent door.
  1698 | D:2      | Noticed Crazy Yiuf
  2033 | D:2      | Killed Crazy Yiuf
  2034 | D:2      | Reached XP level 6. HP: 13/28 MP: 7/13
  2853 | D:3      | Noticed Jessica
  2856 | D:3      | Killed Jessica
  3361 | D:4      | Reached skill level 5 in Spellcasting
  3368 | D:4      | Learned a level 6 spell: Death Channel
  3371 | D:4      | Learned a level 2 spell: Searing Ray
  3716 | D:4      | Reached XP level 7. HP: 32/32 MP: 12/15
  3825 | D:4      | Noticed Edmund
  3849 | D:4      | Slain by Edmund

Illustrated notes

Levels and vault maps discovered:
D:1:      dpeg_arrival_connections, layout_basic, serial_shops,
          nicolae_shop_peninsula, nicolae_concentric_dashed_squares_wild,
          item_on_display_a
D:2:      layout_rooms, uniq_crazy_yiuf_cottage, uniq_sigmund
D:3:      layout_basic, uniq_jessica
D:4:      layout_basic, minmay_temple_entry_water_ring, uniq_edmund

Skill      XL: |  1  2  3  4  5  6 |
---------------+-------------------+-----
Conjurations   | 3 4 |  4.4
Spellcasting   | 3 4 5 |  5.2
Short Blades   | 1 2 3 |  3.1
Dodging        | 3 4 |  4.3
Fighting       | |  0.5
Stealth        | |  3.8
Necromancy     | |  0.1

Action                     |  1- 3 |  4- 6 |  7- 9 || total
---------------------------+-------+-------+-------++-------
  Melee: Dagger            |    24 |     6 |       ||    30
         Short sword       |       |    12 |       ||    12
   Cast: Magic Dart        |    36 |   129 |       ||   165
         Searing Ray       |       |     4 |     9 ||    13
  Evoke: Wand              |       |       |     1 ||     1
    Use: Potion            |     2 |       |       ||     2
 Armour: Robe              |    10 |    17 |     3 ||    30
  Dodge: Dodged            |    21 |    31 |     6 ||    58

Table legend: (Time is in decaauts)
 A = Elapsed time spent in this place.
 B = Non-inter-level travel time spent in this place.
 C = Inter-level travel time spent in this place.
 D = Time resting spent in this place.
 E = Time spent auto-exploring this place.
 F = Levels seen in this place.
 G = Mean time per level.
                   A        B        C        D        E       F      G
               +--------+--------+--------+--------+--------+-----+--------+
         Total |   3037 |   2941 |     96 |    628 |   1883 |   4 |  759.2 |
       Dungeon |   3037 |   2941 |     96 |    628 |   1883 |   4 |  759.2 |
               +--------+--------+--------+--------+--------+-----+--------+

Top non-repeatable levels by time:
     D:2: 981 daAuts
     D:3: 811 daAuts
     D:1: 743 daAuts
     D:4: 501 daAuts
